 Dungeon Crawl Stone Soup version 0.30.0-17-ge0270778cf (webtiles) character file.

Game seed: 2092030705131095081

1015 zeram the Skirmisher (level 8, -6/37 HPs)
             Began as a Spriggan Brigand on May 23, 2023.
             Was a Believer of Qazlal.
             Killed by divine providence
             ... invoked by an orc priest
              (16 damage)
             ... on level 6 of the Dungeon.
             The game lasted 00:06:27 (3691 turns).

zeram the Skirmisher (Spriggan Brigand)             Turns: 3691, Time: 00:06:27

Health: -6/37      AC:  3    Str:  7    XL:     8   Next: 1%
Magic:  9/9        EV: 18    Int: 12    God:    Qazlal [**....]
Gold:   171        SH:  2    Dex: 19    Spells: 7/7 levels left

rFire   . . .        i - +1 arbalest
rCold   . . .        (shield currently unavailable)
rNeg    . . .        b - +0 robe
rPois   .            (helmet restricted)
rElec   .            c - +0 cloak
rCorr   .            (gloves unavailable)
SInv    +            (boots unavailable)
Will    +....        (no amulet)
Stlth   +++          (no ring)
HPRegen 0.26/turn    (no ring)
MPRegen 0.11/turn

%: no passive effects
@: very quick
A: very small, no large weapons, unfitting armour, see invisible, speed 3
a: Renounce Religion, Upheaval


You were on level 6 of the Dungeon.
You worshipped Qazlal.
Qazlal was pleased with you.
You visited 2 branches of the dungeon, and saw 7 of its levels.

You collected 171 gold pieces.

Inventory:

Hand Weapons
 a - a +2 dagger
 i - a +1 arbalest (weapon)
 n - the +12 whip "Akeito" {heavy, Int+2}
   (You found it on level 3 of the Dungeon)

   Int:       It affects your intelligence (+2).
Missiles
 d - 18 poisoned darts
 e - 5 curare-tipped darts
Armour
 b - a +0 robe (worn)
 c - a +0 cloak (worn)
 t - a scarf of harm
Jewellery
 f - an amulet of regeneration
 s - an amulet of the acrobat
Potions
 g - a potion of brilliance {unknown}
 h - a potion of degeneration {unknown}
 j - 3 potions of flight {unknown}
 k - 2 potions of mutation
 l - a potion of curing {unknown}
 m - 2 potions of magic {unknown}
 o - a potion of cancellation {unknown}
 p - a potion of heal wounds
 q - a potion of ambrosia {unknown}
 r - a potion of berserk rage {unknown}


   Skills:
 - Level 1.5 Fighting
 - Level 2.3 Short Blades
 + Level 0.2 Maces & Flails
 * Level 8.2 Ranged Weapons
 - Level 2.0 Throwing
 + Level 3.4 Dodging
 + Level 7.5 Stealth
 + Level 0.1 Shields


You had 7 spell levels left.
You didn't know any spells.
Your spell library contained the following spells:

 Spells                   Type           Power      Damage    Failure   Level
 Poisonous Vapours        Pois/Air       0%         N/A       45%         2
 Mephitic Cloud           Conj/Pois/Air  0%         N/A       69%         3
 Freezing Cloud           Conj/Ice/Air   0%         6-21      100%        5


Dungeon Overview and Level Annotations

Branches:
Dungeon (6/15)             Temple (1/1) D:4

Altars:
Cheibriados
Elyvilon
Gozag
Nemelex Xobeh
Qazlal
Ru
Sif Muna
Trog
Uskayaw
Vehumet
Wu Jian
Xom
Yredelemnul
Zin
The Shining One

Annotations:
D:4 3 runed translucent doors, Brutalitops's ghost, amateur AtHs
D:5 2 transporters


Innate Abilities, Weirdness & Mutations

You are very small and have problems with some larger weapons.
You are too small for most types of armour.
You have supernaturally acute eyesight. (SInv)
You cover ground extremely quickly. (Speed+++)


Message History

There is an open door here.
Your surroundings suddenly seem different.
Partly explored, unvisited transporter.
Partly explored, unvisited transporter.
Partly explored, unvisited transporter.
Partly explored, unvisited transporter.
(D) Dungeon (T) Temple
Where to? (Enter - D:6, ? - help)
There is an open door here.
There is a stone staircase leading down here.
You climb downwards.
The orc shouts!
You hear a bark!
Found 7 gold pieces and 5 boomerangs.
There is a stone staircase leading up here.
There are monsters nearby!
There are monsters nearby!
There are monsters nearby!
You shoot a bolt. The bolt barely misses the orc.
The orc priest shouts! x3
The bolt hits the orc priest but does no damage.
The orc priest mumbles some strange prayers to Beogh against you.
Beogh smites you!
A hound comes into view.
You climb upwards.
Level annotation: 2 transporters
There is a stone staircase leading down here.
You start resting.
HP restored.
You climb downwards.
The orc priest mumbles some strange prayers to Beogh against you.
Beogh smites you! The orc completely misses you.
The orc priest casts a cantrip, but nothing happens.
The orc barely misses you.
There is a stone staircase leading up here.
The orc priest calls down the wrath of Beogh upon you.
Beogh smites you! The orc hits you with a +0 dagger.
* * * LOW HITPOINT WARNING * * *
The orc priest mumbles some strange prayers to Beogh against you.
Beogh smites you!
You die...

. ##. . #..
##.... # .
....####. ...
#.#.....
....#.....#
.$o..o....#
...o..h@o.#
###.......#
#..(.......
#########...#
#.# .


You could see a hound, 3 orc priests and an orc.

Vanquished Creatures
  Eustachio (D:5)
  Edmund (D:5)
  A sky beast (D:5)
  2 ogres
  A scorpion (D:4)
  2 hounds
  An orc priest (D:4)
  2 iguanas (D:5)
  Ijyb (D:3)
  Natasha (thrice) (D:3)
  2 orc wizards
  4 adders
  A shadow imp (D:3)
  5 dart slugs
  17 orcs
  5 ball pythons
  5 bats
  An endoplasm (D:1)
  3 giant cockroaches
  5 goblins
  5 hobgoblins
  6 jackals
  7 kobolds
  2 quokkas
  5 frilled lizards
  8 rats
96 creatures vanquished.

Notes
Turn   | Place    | Note
-------+----------+-------------------------------------------
     0 | D:1      | zeram the Spriggan Brigand began the quest for the Orb.
     0 | D:1      | Reached XP level 1. HP: 10/10 MP: 2/2
     6 | D:1      | Noticed a lindwurm
     6 | D:1      | Noticed a scorpion
     7 | D:1      | Noticed a wyvern
     7 | D:1      | Noticed a polar bear
    81 | D:1      | Reached XP level 2. HP: 14/14 MP: 3/3
   447 | D:1      | Reached XP level 3. HP: 18/18 MP: 4/4
   457 | D:1      | Reached skill level 1 in Ranged Weapons
   678 | D:2      | Identified the +4 spear "Dufiega" {flame, Str+5}
   684 | D:2      | You fall into a shaft and drop 2 floors!
   694 | D:4      | Found a runed translucent gate.
   694 | D:4      | Found a runed translucent gate.
   694 | D:4      | Found a runed translucent gate.
   695 | D:4      | Found an opulent altar of Gozag.
   774 | D:4      | Found a staircase to the Ecumenical Temple.
   917 | D:4      | Reached skill level 2 in Ranged Weapons
   917 | D:4      | Reached XP level 4. HP: 14/22 MP: 5/5
   955 | Temple   | Entered the Ecumenical Temple
  1030 | Temple   | Became a worshipper of Qazlal Stormbringer
  1124 | D:4      | Noticed a scorpion
  1131 | D:4      | Killed a scorpion
  1132 | D:4      | Reached skill level 3 in Ranged Weapons
  1132 | D:4      | Reached XP level 5. HP: 18/25 MP: 6/6
  1209 | D:5      | Entered Level 5 of the Dungeon
  1286 | D:4      | Reached skill level 4 in Ranged Weapons
  1437 | D:4      | Found a sacrificial altar of Ru.
  1446 | D:4      | Noticed an ogre
  1456 | D:4      | Killed an ogre
  1457 | D:4      | Reached skill level 5 in Ranged Weapons
  1457 | D:4      | Reached XP level 6. HP: 14/30 MP: 7/7
  1548 | D:4      | Noticed Brutalitops's ghost (amateur AtHs)
  1830 | D:3      | Noticed Natasha
  1831 | D:3      | Noticed Ijyb
  1835 | D:3      | Killed Natasha
  1848 | D:3      | Killed Ijyb
  1880 | D:3      | Identified the +12 whip "Akeito" {heavy, Int+2}
  1886 | D:3      | Noticed Natasha
  1892 | D:3      | Killed Natasha
  1892 | D:3      | Reached * piety under Qazlal
  2172 | D:3      | Noticed Natasha
  2177 | D:3      | Killed Natasha
  2301 | D:3      | Found a shimmering altar of Xom.
  2612 | D:5      | Noticed Eustachio
  2675 | D:5      | Killed Eustachio
  2676 | D:5      | Reached skill level 6 in Ranged Weapons
  2676 | D:5      | Reached XP level 7. HP: 33/33 MP: 8/8
  2759 | D:5      | Found a transporter.
  2807 | D:5      | Reached skill level 7 in Ranged Weapons
  2903 | D:5      | Found a transporter.
  3198 | D:5      | Reached ** piety under Qazlal
  3259 | D:5      | Noticed Edmund
  3268 | D:5      | Killed Edmund
  3510 | D:5      | Reached skill level 8 in Ranged Weapons
  3510 | D:5      | Reached XP level 8. HP: 29/37 MP: 9/9
  3691 | D:6      | Killed from afar by an orc priest

Illustrated notes

Levels and vault maps discovered:
D:1:      onia_arrival_zoo_common, layout_rooms
D:2:      cheibrodos_helix_gallery, layout_loops_corners,
          chequers_decorated_corner, minivault_19
D:3:      layout_loops_ring, xom_confusion_cloud, minmay_misc_feat_tower,
          uniq_natasha, uniq_ijyb
D:4:      layout_basic, lemuel_round_altar, minmay_temple_entry_butterflies,
          ebering_ghost_gozag, chequers_arboretum
D:5:      gammafunk_steamed_eel, layout_basic, uniq_edmund, uniq_eustachio
D:6:      layout_basic, worldfamousw_hep_ancestral_shrine
Temple:   cyrus_circular_temple

Skill      XL: |  1  2  3  4  5  6  7 |
---------------+----------------------+-----
Stealth        | 6 7 |  7.5
Ranged Weapons | 2 3 5 6 8 |  8.2
Dodging        | 2 3 |  3.4
Fighting       | |  1.5
Short Blades   | |  2.3
Maces & Flails | |  0.2
Throwing       | |  2.0
Shields        | |  0.1

Action                     |  1- 3 |  4- 6 |  7- 9 || total
---------------------------+-------+-------+-------++-------
  Melee: Dagger            |    20 |       |       ||    20
         Punch             |     1 |       |       ||     1
         Whip              |       |    34 |     4 ||    38
   Fire: Arbalest          |    50 |   130 |    46 ||   226
    Use: Scroll            |     2 |     6 |     1 ||     9
   Stab: Sleeping          |     3 |       |       ||     3
 Armour: Robe              |     6 |    26 |       ||    32
  Dodge: Dodged            |    33 |   148 |    17 ||   198
  Block: Other             |       |     5 |       ||     5
